cohdb
Replays
Latest Replays
All Replays
Popular Replays
Top Player Replays
Match Explorer
How It Works
Community
CoH3 Stats
Reddit
Sign in to upload your games and track your stats! →
Sign in with Steam
Match 42821584
Unlisted
Match 42821584
Overview
Messages
Build Orders
End
Royal Engineer Section
Vickers Machine Gun Team
Vickers Machine Gun Team
Selects Canadian Shock Battlegroup
Construct Field Infirmary
Construct Section Command Post
Selects Attacking Spirit
Selects Canadian Shock Section
Canadian Shock Section
Infantry Section
Infantry Section
Construct Platoon Command Post
Unlock M3 Stuart Light Tanks
Canadian Shock Section
M3 Stuart Light Tank
Selects Burnout
Burnout
M3 Stuart Light Tank
ßoo
Tactical Nuclear Cow
Drew_Almost_Wins
w0nder
0
0
Comments
sign in to comment!
No comments posted yet!